 Dungeon Crawl Stone Soup version 0.26.1-2-gb8aa6d0cf2 (webtiles) character file.

Game seed: 6718447749693153624

2492 Gabide the Archer (level 9, -16/65 HPs)
             Began as a Human Wanderer on Mar 2, 2021.
             Was a Plaything of Xom.
             Demolished by a two-headed ogre
             ... wielding a +0 giant club
              (26 damage)
             ... on level 9 of the Dungeon.
             The game lasted 00:35:36 (12404 turns).

Gabide the Archer (Human Wanderer)                 Turns: 12404, Time: 00:35:36

Health: -16/65     AC: 10    Str: 13    XL:     9   Next: 81%
Magic:  3/11       EV: 14    Int: 10    God:    Xom [...*..]
Gold:   551        SH:  0    Dex: 14    Spells: 8/10 levels left

rFire    . . .     SeeInvis .   a - +0 shortbow
rCold    . . .     Faith    .   (shield currently unavailable)
rNeg     . . .     Spirit   .   w - +1 leather armour
rPois    .         Reflect  .   j - +2 helmet
rElec    .         Harm     .   (no cloak)
rCorr    .         Rampage  .   (no gloves)
Will     .....                  k - +2 pair of boots
Stlth    +.........             (no amulet)
HPRegen  0.20/turn              D - ring of flight
MPRegen  0.12/turn              (no ring)

@: hasted, very quick
A: dopey 2, wild magic 1, MP-powered wands
a: Renounce Religion, Evoke Flight


You were on level 9 of the Dungeon.
You worshipped Xom.
You were a favourite toy of Xom.
You visited 1 branch of the dungeon, and saw 9 of its levels.

You collected 551 gold pieces.

Inventory:

Hand Weapons
 a - a +0 shortbow (weapon)
 b - a +2 trident of freezing
Missiles
 m - 5 curare-tipped darts
 n - 31 arrows (quivered ammo)
Armour
 e - a +0 robe
 j - a +2 helmet (worn)
 k - a +2 pair of boots (worn)
 u - a +0 ring mail
 w - a +1 leather armour (worn)
Jewellery
 D - a ring of flight (left hand)
Wands
 v - a wand of digging (12)
 x - a wand of flame (10)
 y - a wand of acid (12)
 A - a wand of iceblast (27)
 B - a wand of random effects (6)
Scrolls
 l - 8 scrolls of teleportation
 q - 3 scrolls of amnesia
 s - 4 scrolls of remove curse
Potions
 d - 3 potions of might
 f - a potion of heal wounds
 g - 2 potions of resistance
 h - 3 potions of lignification
 i - a potion of attraction
 o - 3 potions of magic
 t - a potion of brilliance
 E - a potion of mutation {unknown}
 F - a potion of curing
Miscellaneous
 r - a condenser vane


   Skills:
 + Level 4.2 Fighting
 + Level 2.9 Polearms
 + Level 10.0 Bows
 - Level 1.0 Throwing
 + Level 2.8 Armour
 * Level 4.6 Dodging
 + Level 1.1 Stealth
 - Level 1.0 Shields
 + Level 1.4 Spellcasting
 - Level 1.0 Hexes
 + Level 2.5 Necromancy
 - Level 0.6 Evocations


You had 8 spell levels left.
You knew the following spells:

 Your Spells              Type           Power        Failure   Level
a - Animate Skeleton      Necr           14%          22%         1
b - Pain                  Necr           28%          22%         1

Your spell library contained the following spells:

 Spells                   Type           Power        Failure   Level
 Foxfire                  Conj/Fire      0%           47%         1
 Magic Dart               Conj           0%           47%         1
 Slow                     Hex            3%           47%         2
 Vampiric Draining        Necr           3%           50%         3
 Blink                    Tloc           N/A          63%         2
 Call Imp                 Summ           0%           63%         2
 Searing Ray              Conj           0%           63%         2
 Dazzling Flash           Conj/Hex       4%           78%         3
 Inner Flame              Hex/Fire       2%           78%         3
 Conjure Flame            Conj/Fire      0%           83%         3
 Mephitic Cloud           Conj/Pois/Air  0%           83%         3
 Animate Dead             Necr           3%           88%         4
 Fulminant Prism          Conj/Hex       1%           99%         4
 Iskenderun's Mystic Bla  Conj/Tloc      0%           99%         4
 Sticky Flame             Conj/Fire      0%           99%         4
 Agony                    Necr           7%           99%         5
 Fireball                 Conj/Fire      0%           100%        5


Dungeon Overview and Level Annotations

Branches:
Dungeon (9/15)             Temple (0/1) D:7             Orc (0/2) D:9
   Lair: D:8-11

Altars:
Cheibriados
Elyvilon
Fedhas
Gozag
Okawaru
Sif Muna
Trog
Uskayaw
Vehumet
Wu Jian
Xom
Yredelemnul
The Shining One

Annotations:
D:3 2 transporters


Innate Abilities, Weirdness & Mutations

You are very dopey. (Int -4)
Your spells are a little harder to cast, but a little more powerful.
You expend magic power (3 MP) to strengthen your wands.


Message History

Aiming: Corrosive Bolt
Press: ? - help, Shift-Dir - straight line You feel a surge of power!
Aiming: Corrosive Bolt
Press: ? - help, Shift-Dir - straight line You feel a surge of power!
Something hits you! Something hits you!!
* * * LOW HITPOINT WARNING * * *
You feel yourself slow down.
You feel much better.
A two-headed ogre appears from thin air!
Reactivating autopickup.
The two-headed ogre hits you with a +0 giant club! x2
* * * LOW HITPOINT WARNING * * *
The two-headed ogre completely misses you.
The two-headed ogre hits you with a +0 giant club!
* * * LOW HITPOINT WARNING * * *
You feel yourself speed up.
The two-headed ogre hits you with a +0 giant club!!
You die...
Xom laughs nastily!

.....................##
#####.#######.###..#..####
......# #.###........###
###.### #.##....###....#
###.# #.##.8..._...8.# ....#
#.##...........#
###.#########....8.......8.#
#.....).....#O...........#
#.#########...@8.......8.#
#.# #.[#...........# #.#
#..###.##.##.### #.######
#..# #.#..##.#
#......####..###.......#
########........#######..#
.....# #..##....# #..#
####.# #..##..#.# #..#
#.###..##..#.# #..#


You could see a two-headed ogre (fast).

Vanquished Creatures
  4 orc warriors
  3 centaurs
  An ice beast (D:8)
  2 ogres
  2 bullfrogs
  5 killer bees (D:8)
  2 scorpions
  3 howler monkeys
  A jelly (D:9)
  2 centaur skeletons
  3 orc priests
  2 hounds
  An iguana (D:9)
  8 orc wizards
  5 worker ants
  A hound skeleton (D:8)
  22 gnolls
  6 adders
  A shadow imp (D:9)
  A white imp (D:6)
  An ufetubus (D:7)
  An adder zombie (D:5)
  2 adder skeletons
  3 worms
  A dart slug (D:4)
  3 leopard geckos
  49 orcs
  A ball python (D:2)
  4 giant cockroaches
  A goblin (D:3)
  5 hobgoblins
  7 jackals
  6 kobolds
  2 quokkas (D:4)
  7 bats
  A frilled lizard (D:2)
  A leopard gecko skeleton (D:4)
  A leopard gecko zombie (D:6)
  3 rats
174 creatures vanquished.

Vanquished Creatures (others)
  A wizard (D:4)
1 creature vanquished.

Grand Total: 175 creatures vanquished

Notes
Turn   | Place    | Note
-------+----------+-------------------------------------------
     0 | D:1      | Gabide the Human Wanderer began the quest for the Orb.
     0 | D:1      | Gabide set off with the following items: a +0 shortbow, 24
                  | arrows, a +0 kite shield, a +0 robe; and the following
                  | spells available to memorise: Animate Skeleton, Pain,
                  | Vampiric Draining, Animate Dead, Agony
     0 | D:1      | Reached XP level 1. HP: 16/16 MP: 1/1
   448 | D:1      | Reached XP level 2. HP: 6/22 MP: 2/2
  1169 | D:1      | Learned a level 1 spell: Animate Skeleton
  1253 | D:2      | Reached skill level 1 in Dodging
  1283 | D:2      | Reached XP level 3. HP: 27/27 MP: 3/3
  1585 | D:2      | Found a glowing golden altar of the Shining One.
  1782 | D:2      | Found a shimmering blue altar of Sif Muna.
  1873 | D:3      | Reached skill level 4 in Bows
  2070 | D:3      | Found a transporter.
  2070 | D:3      | Found a transporter.
  2070 | D:3      | Noticed a scorpion
  2078 | D:3      | Found an iron altar of Okawaru.
  2110 | D:3      | Learned a level 1 spell: Pain
  2154 | D:3      | Reached XP level 4. HP: 33/33 MP: 4/4
  2429 | D:3      | Reached XP level 5. HP: 32/38 MP: 5/5
  2543 | D:3      | Reached skill level 1 in Spellcasting
  3347 | D:4      | Reached skill level 5 in Bows
  3442 | D:4      | Reached XP level 6. HP: 24/45 MP: 0/8
  3814 | D:4      | Found a white marble altar of Elyvilon.
  4183 | D:4      | Found an ornate altar of the Wu Jian Council.
  4281 | D:4      | Noticed an ogre
  4307 | D:4      | Found a bloodstained altar of Trog.
  4347 | D:4      | Killed an ogre
  4348 | D:4      | Reached skill level 6 in Bows
  4348 | D:4      | Reached XP level 7. HP: 47/51 MP: 9/9
  4512 | D:4      | Noticed a wizard
  4515 | D:4      | Killed a wizard
  4685 | D:5      | Entered Level 5 of the Dungeon
  5276 | D:5      | Found a blossoming altar of Fedhas.
  5302 | D:5      | Reached skill level 7 in Bows
  5676 | D:5      | Found a snail-covered altar of Cheibriados.
  5827 | D:6      | Reached XP level 8. HP: 57/57 MP: 10/10
  6335 | D:6      | Reached skill level 8 in Bows
  6509 | D:6      | Found a shimmering altar of Xom.
  6533 | D:6      | Found a radiant altar of Vehumet.
  6555 | D:6      | Became a worshipper of Xom the Fickle
  6784 | D:6      | XOM: silly message
  6956 | D:6      | XOM: summons 4 hostile demons
  7282 | D:7      | Reached skill level 1 in Armour
  7489 | D:7      | Found a staircase to the Ecumenical Temple.
  7591 | D:7      | Found a basalt altar of Yredelemnul.
  7885 | D:7      | Found an opulent altar of Gozag.
  8077 | D:7      | XOM: confusion
  8118 | D:7      | XOM: silly message
  8191 | D:7      | XOM is BORED!
  8191 | D:7      | XOM: noise
  8235 | D:7      | Found an iron altar of Okawaru.
  8399 | D:7      | XOM: give mutation
  8399 | D:7      | Gained mutation: You are dopey. (Int -2) [Xom's mischief]
  8440 | D:8      | Reached skill level 1 in Polearms
  8571 | D:8      | Reached skill level 9 in Bows
  8571 | D:8      | Reached XP level 9. HP: 56/64 MP: 11/11
  8618 | D:8      | Reached skill level 1 in Stealth
  9470 | D:8      | XOM: give mutations
  9470 | D:8      | Gained mutation: Your spells are a little harder to cast,
                  | but a little more powerful. [Xom's mischief]
  9470 | D:8      | Gained mutation: You expend magic power (3 MP) to
                  | strengthen your wands. [Xom's mischief]
  9470 | D:8      | Gained mutation: You are very dopey. (Int -4) [Xom's
                  | mischief]
  9591 | D:8      | XOM is BORED!
  9591 | D:8      | XOM: stat loss: -1 Str (12/13)
 10721 | D:7      | XOM: divination: magic mapping
 11426 | D:8      | XOM: noise
 11671 | D:9      | Found a staircase to the Orcish Mines.
 11698 | D:9      | XOM: potion effect (heal wounds)
 11714 | D:9      | Reached skill level 10 in Bows
 11949 | D:9      | Found a hide-covered altar of Uskayaw.
 12249 | D:9      | XOM: cloud trail
 12302 | D:9      | Noticed a two-headed ogre
 12305 | D:9      | XOM: fog
 12312 | D:9      | XOM: scenery: summon butterflies
 12325 | D:9      | XOM: destruction
 12336 | D:9      | XOM: summons friendly crimson imp
 12404 | D:9      | Demolished by a two-headed ogre

Illustrated notes

Levels and vault maps discovered:
D:1:      minmay_arrival_radiant_lines, layout_basic
D:2:      layout_rooms, lemuel_blue_sif_altar, tso_metal_star
D:3:      layout_basic, gammafunk_temple_overflow_arena
D:4:      layout_basic, nicolae_overflow_crystal_walls,
          nzn_wu_jian_contemplation, trog_wizard
D:5:      layout_basic, fedhas_bush_and_centaur_altar, slow_altar_1
D:6:      layout_loops_ring, lemuel_round_altar, vehumet_crystals,
          minmay_between
D:7:      layout_loops_corners, lemuel_doored_altar, yredelemnul_altar_generic,
          minmay_temple_entry_waves, basic_altar
D:8:      layout_layer_cave, special_room [special_room_orc]
D:9:      layout_loops_ring, eat_drink_and_be_merry_uskayaw, orc_0_dummy

Skill      XL: |  1  2  3  4  5  6  7  8  9 |
---------------+----------------------------+-----
Dodging        | 1 2 3 4 |  4.6
Bows           | 4 5 6 7 9 10 | 10.0
Spellcasting   | 1 |  1.4
Fighting       | 3 4 |  4.2
Armour         | 1 2 |  2.8
Polearms       | 1 2 |  2.9
Stealth        | 1 |  1.1
Throwing       | |  1.0
Shields        | |  1.0
Hexes          | |  1.0
Necromancy     | |  2.5
Evocations     | |  0.6

Action                   |  1- 3 |  4- 6 |  7- 9 || total
-------------------------+-------+-------+-------++-------
Melee: Spear             |     2 |    26 |       ||    28
       Trident           |       |       |    55 ||    55
 Fire: Shortbow          |    98 |   120 |   532 ||   750
Throw: Dart              |       |       |     6 ||     6
 Cast: Animate Skeleton  |     2 |     2 |     1 ||     5
       Pain              |       |    28 |       ||    28
Evoke: Wand              |       |       |    13 ||    13
  Use: Scroll            |     3 |       |    24 ||    27
       Potion            |     1 |     1 |     5 ||     7
Armor: Robe              |     5 |    28 |    11 ||    44
       Leather armour    |       |       |    54 ||    54
Dodge: Dodged            |    14 |    65 |   173 ||   252
